 Dungeon Crawl Stone Soup version 0.28.0-53-g5a82cb258f (webtiles) character file.

Game seed: 10500687696507436238

5768 cbfl8 the Ducker (level 10, -4/94 HPs)
             Began as a Troll Summoner on July 27, 2022.
             Was a Priest of Qazlal.
             Slain by a two-headed ogre
             ... wielding a +0 giant club
              (15 damage)
             ... on level 9 of the Dungeon.
             The game lasted 00:23:36 (8968 turns).

cbfl8 the Ducker (Troll Summoner)                   Turns: 8968, Time: 00:23:37

Health: -4/94      AC:  8    Str: 18    XL:     10   Next: 49%
Magic:  14/14      EV: 11    Int: 15    God:    Qazlal [***...]
Gold:   1669       SH:  9    Dex: 10    Spells: 2/15 levels left

rFire   . . .      SeeInvis +   F - +9 hand axe of Okawaru {holy, Will+ rCorr SInv Stlth-}
rCold   . . .      Faith    .   (no shield)
rNeg    . . .      Spirit   .   D - +0 steam dragon scales
rPois   .          Reflect  +   (helmet restricted)
rElec   .          Harm     .   s - +0 cloak
rCorr   +          Rampage  .   (gloves unavailable)
Will    +....                   (boots unavailable)
Stlth   +.........              B - amulet of reflection
HPRegen 1.05/turn               r - ring of resist corrosion
MPRegen 0.14/turn               (no ring)

@: no status effects
A: large, unfitting armour, claws 3, regeneration 1, shaggy fur 1, tough skin 1
a: Renounce Religion, Upheaval, Elemental Force


You were on level 9 of the Dungeon.
You worshipped Qazlal.
Qazlal was most pleased with you.
You visited 2 branches of the dungeon, and saw 10 of its levels.

You collected 1713 gold pieces.
You spent 44 gold pieces at shops.

Inventory:

Hand Weapons
 f - a +1 scythe of protection
 i - a +2 dire flail of protection
 y - a +2 antimagic war axe
 F - the +9 hand axe of Okawaru (weapon) {holy, Will+ rCorr SInv Stlth-}
   (You found it on level 7 of the Dungeon)

   It has been blessed by the Shining One to cause great damage to the undead
   and demons.
   SInv:      It lets you see invisible.
   rCorr:     It protects you from acid and corrosion.
   Will:      It increases your willpower.
   Stlth:     It makes you less stealthy.
Armour
 l - a +2 robe of cold resistance
 s - a +0 cloak (worn)
 D - +0 steam dragon scales (worn)
Jewellery
 p - an amulet of guardian spirit
 r - a ring of resist corrosion (left claw)
 B - an amulet of reflection (around neck)
Wands
 c - a wand of paralysis (9) (quivered)
 m - a wand of polymorph (4)
Scrolls
 b - 3 scrolls of fog
 d - 4 scrolls of teleportation
 g - 2 scrolls of enchant armour
 h - a scroll of silence
 j - 4 scrolls of enchant weapon
 k - a scroll of immolation {unknown}
 n - a scroll of vulnerability
 u - a scroll of identify
 x - 2 scrolls of magic mapping
Potions
 a - a potion of berserk rage
 e - a potion of brilliance
 o - a potion of invisibility {unknown}
 q - a potion of lignification
 t - 2 potions of haste
 z - a potion of degeneration
 A - a potion of mutation {unknown}
 C - 2 potions of curing
 E - a potion of attraction {unknown}


   Skills:
 * Level 4.9 Fighting
 + Level 3.8(5.0) Axes
 + Level 4.4(5.2) Maces & Flails
 + Level 2.3(3.4) Polearms
 * Level 5.4 Dodging
 + Level 3.5 Stealth
 - Level 1.8 Shields
 + Level 0.1 Unarmed Combat
 * Level 3.4 Spellcasting
 * Level 5.1 Summonings
 * Level 3.2 Evocations


You had 2 spell levels left.
You knew the following spells:

 Your Spells              Type           Power      Damage    Failure   Level
a - Summon Small Mammal   Summ           72%        N/A       2%          1
b - Call Canine Familiar  Summ           18%        N/A       7%          3
c - Dragon's Call         Summ           9%         N/A       100%        9

Your spell library contained the following spells:

 Spells                   Type           Power      Damage    Failure   Level
 Call Imp                 Summ           18%        N/A       3%          2
 Beastly Appendage        Tmut           4%         N/A       19%         1
 Magic Dart               Conj           8%         1d3       19%         1
 Searing Ray              Conj           4%         2d4       28%         2
 Static Discharge         Conj/Air       2%         N/A       28%         2
 Wereblood                Tmut           2%         N/A       28%         2
 Summon Guardian Golem    Hex/Summ       10%        N/A       21%         3
 Spider Form              Tmut/Pois      2%         N/A       50%         3
 Summon Lightning Spire   Summ/Air       10%        N/A       54%         4
 Cause Fear               Hex            1%         N/A       88%         4
 Dispel Undead            Necr           2%         3d7       88%         4
 Fulminant Prism          Conj/Hex       1%         3d6       88%         4
 Sticky Flame             Conj/Fire      2%         2d3       88%         4
 Dragon Form              Tmut           1%         N/A       100%        7


Dungeon Overview and Level Annotations

Branches:
Dungeon (9/15)             Temple (1/1) D:4
   Lair: D:8-11         Orc: D:9-12

Altars:
Ashenzari
Cheibriados
Dithmenos
Elyvilon
Fedhas
Gozag
Hepliaklqana
Kikubaaqudgha
Makhleb
Nemelex Xobeh
Okawaru
Qazlal
Ru
Sif Muna
Trog
Uskayaw
Vehumet
Wu Jian
Xom
Yredelemnul
Zin
The Shining One

Shops:
D:1 (   D:3 ?   D:4 (   D:5 (


Innate Abilities, Weirdness & Mutations

You are too large for most types of armour.
You have claws for hands.
Your natural rate of healing is unusually fast.
You are covered in fur. (AC +1)
You have tough skin. (AC +1)


Message History

An orc wizard comes into view. It is wielding a +0 dagger.
You barely miss the two-headed ogre.
The two-headed ogre is moderately wounded.
You block the two-headed ogre's attack.
The two-headed ogre hits you with a +0 giant club!
You hit the two-headed ogre.
The two-headed ogre is heavily wounded.
An orc wizard comes into view. It is wielding a +0 dagger.
The two-headed ogre barely misses you. You block the two-headed ogre's attack.
You slash the two-headed ogre!
The two-headed ogre is severely wounded.
An orc comes into view. It is wielding a +0 club.
You closely miss the two-headed ogre.
The two-headed ogre is severely wounded.
The orc shouts!
The two-headed ogre hits you with a +0 giant club!!
The two-headed ogre barely misses you.
An orc comes into view. It is wielding a +0 war axe.
The orc moves out of view.
A boulder beetle comes into view.
You hit the two-headed ogre.
The two-headed ogre is severely wounded.
You block the two-headed ogre's attack.
The two-headed ogre hits you with a +0 giant club!
You hit the two-headed ogre.
The two-headed ogre is severely wounded.
The two-headed ogre hits you with a +0 giant club!
* * * LOW HITPOINT WARNING * * *
The two-headed ogre completely misses you.
You slash the two-headed ogre!
The two-headed ogre is almost dead.
You hear a shout!
The orc wizard gestures wildly while chanting.
The orc wizard flickers and vanishes for a moment.
You barely miss the two-headed ogre.
The two-headed ogre is almost dead.
The two-headed ogre hits you with a +0 giant club!
* * * LOW HITPOINT WARNING * * *
The two-headed ogre hits you with a +0 giant club!
You die...

.## #.#
############
.# #.#
#.#####.###
#.........#
#.#####.#.#
#.#.# #
#.#.#
#...####.#.#
#oBoO@.#.#
#.oo######.#
# .#


You could see a boulder beetle, a two-headed ogre, an orc warrior, 2 orc wizards
and an orc.

Vanquished Creatures
  A two-headed ogre (D:8)
  Erica (D:8)
  A troll (D:7)
  Sigmund (D:3)
  A wraith (D:7)
  5 yaks
  2 steam dragons
  3 water moccasins
  6 orc warriors
  2 sky beasts
  3 necrophages
  A centaur (D:7)
  3 ogres
  A phantom (D:6)
  A kobold brigand (D:8)
  A bullfrog (D:6)
  A wyvern zombie (D:6)
  5 scorpions (D:5)
  3 howler monkeys
  A bullfrog zombie (D:6)
  A centaur zombie (D:7)
  A centaur skeleton (D:7)
  A hound (D:7)
  A gnoll shaman (D:5)
  3 orc priests
  2 iguanas
  7 orc wizards
  A howler monkey zombie (D:6)
  6 adders
  9 gnolls
  2 white imps
  2 ufetubi (D:6)
  A worm (D:2)
  An adder skeleton (D:4)
  3 dart slugs
  19 orcs
  4 bats
  4 endoplasms
  4 giant cockroaches
  21 hobgoblins
  4 jackals (D:1)
  2 quokkas
  6 ball pythons
  6 frilled lizards
  27 goblins
  14 kobolds
  6 rats
201 creatures vanquished.

Vanquished Creatures (collateral kills)
  5 goblins (D:5)
  A hobgoblin (D:5)
6 creatures vanquished.

Grand Total: 207 creatures vanquished

Notes
Turn   | Place    | Note
-------+----------+-------------------------------------------
     0 | D:1      | cbfl8 the Troll Summoner began the quest for the Orb.
     0 | D:1      | Reached XP level 1. HP: 16/16 MP: 1/1
   248 | D:1      | Reached XP level 2. HP: 24/24 MP: 2/2
   697 | D:1      | Found Pemiov's Antique Weapon Boutique.
  1000 | D:2      | Reached XP level 3. HP: 31/32 MP: 3/3
  1787 | D:3      | Noticed Sigmund
  1843 | D:3      | Killed Sigmund
  1844 | D:3      | Reached skill level 1 in Fighting
  1844 | D:3      | Reached skill level 1 in Axes
  1844 | D:3      | Reached XP level 4. HP: 40/41 MP: 3/5
  1844 | D:3      | Reached XP level 5. HP: 47/48 MP: 3/6
  1875 | D:3      | Learned a level 3 spell: Call Canine Familiar
  1923 | D:3      | Found a bloodstained altar of Trog.
  2109 | D:3      | Found a faded altar of an unknown god.
  2116 | D:3      | Found Buaqoc's Magic Scroll Emporium.
  2133 | D:3      | Bought a scroll of identify for 22 gold pieces
  2133 | D:3      | Bought a scroll of identify for 22 gold pieces
  2525 | D:4      | Found a staircase to the Ecumenical Temple.
  2535 | D:4      | Reached skill level 1 in Polearms
  2542 | Temple   | Entered the Ecumenical Temple
  2874 | Temple   | Became a worshipper of Qazlal Stormbringer
  3063 | D:4      | Noticed an ogre
  3066 | D:4      | Killed an ogre
  3067 | D:4      | Reached XP level 6. HP: 41/55 MP: 4/7
  3314 | D:4      | Found Optoz's Antique Weapon Shoppe.
  3501 | D:5      | Entered Level 5 of the Dungeon
  3585 | D:5      | Noticed a sky beast
  3597 | D:5      | Killed a sky beast
  3598 | D:5      | Reached XP level 7. HP: 51/63 MP: 2/9
  4198 | D:5      | Reached * piety under Qazlal
  4212 | D:5      | Reached skill level 1 in Maces & Flails
  4355 | D:5      | Found Abunteuph's Weapon Shoppe.
  4630 | D:5      | Reached XP level 8. HP: 45/74 MP: 6/10
  4752 | D:5      | Reached ** piety under Qazlal
  5098 | D:5      | Reached skill level 1 in Evocations
  6173 | D:6      | Noticed Maggie
  6202 | D:6      | Noticed Maggie
  6202 | D:6      | Maggie changed into Maggie the water moccasin
  6217 | D:6      | Killed Maggie the water moccasin
  6298 | D:6      | Reached XP level 9. HP: 52/84 MP: 11/11
  6484 | D:7      | Identified the +9 hand axe of Okawaru {holy, Will+ rCorr
                  | SInv Stlth-}
  6558 | D:7      | Identified a scroll of acquirement
  6612 | D:7      | Noticed a troll
  6618 | D:7      | Killed a troll
  6630 | D:7      | Acquired 1044 gold pieces
  6651 | D:7      | Learned a level 9 spell: Dragon's Call
  6958 | D:7      | Reached skill level 1 in Shields
  7539 | D:7      | Reached skill level 5 in Dodging
  7645 | D:8      | Reached *** piety under Qazlal
  7782 | D:8      | Noticed a two-headed ogre
  7789 | D:8      | Killed a two-headed ogre
  7790 | D:8      | Reached XP level 10. HP: 50/94 MP: 10/13
  7955 | D:8      | Reached skill level 5 in Summonings
  8261 | D:8      | Noticed Erica
  8281 | D:8      | Killed Erica
  8953 | D:9      | Noticed a two-headed ogre
  8965 | D:9      | Noticed a boulder beetle
  8968 | D:9      | Slain by a two-headed ogre

Illustrated notes

Levels and vault maps discovered:
D:1:      dpeg_arrival_rhombi, layout_loops_ring, serial_shops,
          nicolae_lakefront_shop
D:2:      layout_basic
D:3:      layout_basic, mainiacjoe_overflow_cross_hatched, serial_shops, shop,
          basic_ecumenical_altar, uniq_sigmund
D:4:      layout_gridville, minmay_temple_entry_wispy, serial_shops, shop_statue
D:5:      minmay_goblin_kobold_castle, layout_loops_ring, serial_shops,
          nicolae_shop_bloodbath_and_beyond
D:6:      layout_basic, uniq_maggie
D:7:      layout_loops_corners
D:8:      layout_cave_pools, uniq_erica
D:9:      layout_loops_ring, lair_entry_dummy, st_stairs_2
Temple:   mainiacjoe_temple_circle_huts

Skill      XL: |  1  2  3  4  5  6  7  8  9 10 |
---------------+-------------------------------+-----
Summonings     | 3 4 5 |  5.1
Fighting       | 1 2 3 4 |  4.9
Axes           | 1 3 |  3.8
Dodging        | 2 3 4 5 |  5.4
Polearms       | 1 2 |  2.3
Stealth        | 2 3 |  3.5
Spellcasting   | 2 3 |  3.4
Maces & Flails | 1 3 4 |  4.4
Evocations     | 2 3 |  3.2
Shields        | 1 |  1.8
Unarmed Combat | |  0.1

Action                   |  1- 3 |  4- 6 |  7- 9 | 10-12 || total
-------------------------+-------+-------+-------+-------++-------
Melee: Spear             |    83 |       |       |       ||    83
       Unarmed           |     4 |       |       |       ||     4
       Punch             |     1 |       |     4 |     3 ||     8
       Hand axe          |    50 |       |    92 |    98 ||   240
       Scythe            |       |    52 |    14 |       ||    66
       Giant club        |       |    11 |    52 |       ||    63
       Dire flail        |       |       |   286 |       ||   286
 Cast: Summon Small Mamm |       |     1 |     3 |       ||     4
       Call Canine Famil |       |       |     3 |       ||     3
Invok: Upheaval          |       |       |     4 |       ||     4
Evoke: Wand              |     4 |       |     1 |       ||     5
  Use: Scroll            |     1 |     7 |    12 |       ||    20
       Potion            |     1 |       |     3 |       ||     4
 Stab: Sleeping          |     5 |     8 |       |       ||    13
Armor: Robe              |    55 |    38 |   217 |       ||   310
       Steam dragon scal |       |       |    36 |    17 ||    53
Dodge: Dodged            |    60 |    47 |   343 |    33 ||   483
Block: Other             |       |       |    95 |    36 ||   131
       Reflection        |       |       |       |     3 ||     3
